AoeStats
← 一剑扫秋风nelson

Arena

504163009Analyzed
4v4 RM · 29d ago on Sep 4, 2026· 25m 43s· 8 players
Game mode
Random Map
Map size
Large (8 player)
Population
200
Speed
Normal
Resources
Standard
Victory
Conquest
Starting age
Dark Age
Ending age
Imperial Age
RankedLock teamsTeams togetherTeam positionsShared explorationLock speedFull tech treeHidden civsTurbo modeCheats
Victory
Defeat
🇺🇸 Italians · United States
1741
+10
🇲🇽 Gurjaras · Mexico
1574
+17
🇲🇽 Berbers · Mexico
1530
+19
🇲🇽 Inca · Mexico
1353
+26
🇨🇳 Mapuche · China
1790
-25
🇨🇳 Spanish · China
1542
-16
🇨🇳 Franks · China
1541
-16
🇨🇳 Persians · China
1534
-15
quesarito
8:27 Feudal Age
8:58 Double-Bit Axe
14:23 Fletching
14:33 Padded Archer Armor
22:38 Castle Age
21:00 Horse Collar
22:46 Crossbowman
23:33 Thumb Ring
24:32 Ballistics
24:10 Bodkin Arrow
26:35 Wheelbarrow
26:06 Heavy Plow
César UAM
3:13 Loom
11:04 Feudal Age
15:00 Castle Age
13:16 Double-Bit Axe
14:38 Scale Barding Armor
22:26 Bloodlines
26:22 Wheelbarrow
loco_angel
10:32 Feudal Age
11:41 Loom
14:43 Castle Age
12:52 Double-Bit Axe
12:58 Horse Collar
16:05 Bow Saw
20:30 Scale Barding Armor
21:42 Sanctity
22:07 Husbandry
23:16 Fervor
24:37 Chain Barding Armor
Hades
5:38 Loom
8:36 Feudal Age
15:44 Fletching
21:50 Castle Age
20:58 Double-Bit Axe
23:22 Padded Archer Armor
25:35 Bodkin Arrow
吮指原味鸡
10:51 Feudal Age
14:37 Castle Age
15:10 Double-Bit Axe
16:00 Bow Saw
17:49 Loom
18:41 Fletching
香辣鸡翅
10:35 Feudal Age
13:57 Castle Age
12:01 Double-Bit Axe
12:26 Horse Collar
22:47 Gold Mining
22:47 Stone Mining
24:22 Loom
麦辣鸡翅
11:21 Feudal Age
14:53 Castle Age
12:41 Double-Bit Axe
13:14 Horse Collar
16:14 Bow Saw
19:18 Loom
20:28 Padded Archer Armor
21:48 Leather Archer Armor
24:58 Bloodlines
24:48 Husbandry
一剑扫秋风nelson
11:24 Feudal Age
11:47 Loom
11:54 Double-Bit Axe
17:09 Castle Age
16:29 Horse Collar
18:30 Heavy Plow
19:07 Fletching
20:02 Bodkin Arrow
21:33 Padded Archer Armor
24:41 Ballistics
Connection lost

Rejoining the realm…

Still unreachable

The connection could not be restored.

Session expired

The server has moved on; the page needs a fresh start.